 Dungeon Crawl Stone Soup version 0.22-a0-803-gd6d8abeff0 (webtiles) character file.

2574 kaisn the Severer (level 9, -1/75 HPs)
             Began as a Hill Orc Gladiator on July 22, 2018.
             Slain by a troll (12 damage)
             ... on level 11 of the Dungeon.
             The game lasted 00:14:19 (7287 turns).

kaisn the Severer (Hill Orc Gladiator)              Turns: 7287, Time: 00:14:20

Health: -1/75      AC: 12    Str: 22    XL:     9   Next: 57%
Magic:  18/18      EV:  8    Int: 13    God:
Gold:   188        SH:  0    Dex: 12    Spells: 8/8 levels left

rFire    . . .     SeeInvis .   G - +10 falchion "Vyceug" {slice, rC+ rN+ Str+2 Int+5}
rCold    + + +     Gourm    .   (no shield)
rNeg     + + .     Faith    .   v - +0 chain mail
rPois    .         Spirit   .   E - +2 hat
rElec    .         Reflect  .   D - +1 cloak of Negation {+Fly rC++}
rCorr    .         Harm     .   (no gloves)
MR       .....                  (no boots)
Stlth    ..........             w - amulet of the acrobat
HPRegen  0.22/turn              H - ring of positive energy
MPRegen  0.16/turn              I - ring of magical power (curse)

@: no status effects
A: no striking features
a: Evoke Flight


You were on level 11 of the Dungeon.
You were not hungry.

You visited 2 branches of the dungeon, and saw 10 of its levels.

You collected 597 gold pieces.
You spent 409 gold pieces at shops.

Inventory:

Hand Weapons
 a - a +0 war axe
 b - a +0 shortbow
 G - the +10 falchion "Vyceug" (weapon) {slice, rC+ rN+ Str+2 Int+5}
   (You found it on level 6 of the Dungeon)

   It inflicts extra damage upon your enemies.
   It affects your strength (+2).
   It affects your intelligence (+5).
   It protects you from cold.
   It protects you from negative energy.
Missiles
 d - 3 throwing nets
 e - 7 poisoned javelins
 g - 13 tomahawks (quivered)
 C - 62 arrows
Armour
 v - a +0 chain mail (worn)
 D - the +1 cloak of Negation (worn) {+Fly rC++}
   (You found it on level 6 of the Dungeon)

   It greatly protects you from cold.
   It lets you fly.
 E - a +2 hat (worn)
Jewellery
 w - an amulet of the acrobat (around neck)
 y - an uncursed ring of ice
 H - a ring of positive energy (left hand)
 I - a cursed ring of magical power (right hand)
Wands
 c - a wand of acid (7)
 u - a wand of flame (29)
Scrolls
 h - 2 scrolls of fear {unknown}
 l - 2 scrolls of enchant armour {unknown}
 n - 2 scrolls of magic mapping
 p - 3 scrolls of enchant weapon
 q - 8 scrolls of remove curse
 x - a scroll of amnesia {unknown}
 B - 6 scrolls of teleportation
 J - a scroll of vulnerability {unknown}
 L - a scroll of blinking {unknown}
Potions
 i - a potion of might
 j - 3 potions of heal wounds
 m - 2 potions of agility
 o - a potion of degeneration {unknown}
 r - a potion of cancellation {unknown}
 s - 2 potions of flight
 t - 2 potions of mutation
 z - a potion of brilliance {unknown}
 A - 2 potions of curing
 K - a potion of resistance {unknown}
Comestibles
 f - 13 rations
 k - 2 chunks of flesh


   Skills:
 + Level 5.7 Fighting
 + Level 15.1 Axes
 - Level 1.7 Throwing
 - Level 2.4 Dodging


You had 8 spell levels left.
You didn't know any spells.
Your spell library contained the following spells:

 Spells                   Type           Power        Failure   Level  Hunger
 Lightning Bolt           Conj/Air       #.........   100%        5    ######.
 Shock                    Conj/Air       #...         97%         1    ##.....
 Swiftness                Chrm/Air       #.......     99%         2    ###....
 Airstrike                Air            #.........   100%        4    #####..
 Static Discharge         Conj/Air       #.......     100%        3    ####...


Dungeon Overview and Level Annotations

Branches:
Dungeon (8/15)             Temple (1/1) D:6
   Lair: D:8-11

Altars:
Ashenzari
Cheibriados
Elyvilon
Fedhas
Gozag
Hepliaklqana
Kikubaaqudgha
Makhleb
Okawaru
Qazlal
Ru
Sif Muna
Trog
Uskayaw
Vehumet
Wu Jian
Xom
Yredelemnul
Zin
The Shining One

Shops:
D:6 *   D:7 *


Message History

You hit the big kobold.
The big kobold is severely wounded.
The big kobold misses you.
You hit the big kobold.
The big kobold is almost dead.
The big kobold hits you but does no damage.
You slash the big kobold!
You kill the big kobold!
The troll bites you.
* * * LOW HITPOINT WARNING * * *
The troll claws you but does no damage. The troll claws you!
* * * LOW HITPOINT WARNING * * *
You hit the troll.
The troll is lightly wounded.
The troll bites you but does no damage. The troll barely misses you.
The troll claws you but does no damage.
You slash the troll!
The troll is heavily wounded.
The troll bites you!
You die...

.......#.........#....# .#
....#########.##.#.##.#..#
....# #######....#.......#
....# #.................
....#
#.....)....#..#.#.#.#
....#
#.......##!...T......
....#
####.#####.##.#.#....
##### #. #T##.# # . #
#@##.# #.##.# #.##.#
#.##.# ..##.# #.# #.# .(#


You could see a troll.

Vanquished Creatures
  Pikel (D:5)
  A wyvern (D:11)
  A slave (D:5)
  A black bear (D:6)
  2 sky beasts
  An ogre (D:11)
  A phantom (D:4)
  A centaur (D:6)
  A big kobold (D:11)
  4 bullfrogs
  5 scorpions
  5 wights (D:7)
  2 howler monkeys
  2 hounds
  An orc priest (D:4)
  A bullfrog skeleton (D:6)
  Terence (D:3)
  3 orc wizards
  6 worker ants
  A howler monkey zombie (D:5)
  3 gnolls (D:6)
  8 adders
  A shadow imp (D:5)
  An ooze (D:3)
  2 worms
  2 dart slugs
  3 leopard geckos (D:4)
  21 orcs
  A ball python (D:1)
  3 giant cockroaches
  9 goblins
  8 hobgoblins
  10 jackals
  3 quokkas
  7 bats
  7 frilled lizards
  6 kobolds
  A quokka zombie (D:5)
  8 rats
  16 fungi (D:6)
161 creatures vanquished.

Notes
Turn   | Place    | Note
-------+----------+-------------------------------------------
     0 | D:1      | kaisn the Hill Orc Gladiator began the quest for the Orb.
     0 | D:1      | Reached XP level 1. HP: 18/18 MP: 1/1
   120 | D:1      | Reached XP level 2. HP: 22/25 MP: 2/2
   424 | D:1      | Reached skill level 5 in Axes
   815 | D:2      | Reached XP level 3. HP: 25/30 MP: 3/3
  1073 | D:2      | Reached skill level 6 in Axes
  1088 | D:2      | Reached XP level 4. HP: 28/37 MP: 4/4
  1607 | D:3      | Reached skill level 7 in Axes
  2048 | D:3      | Noticed Terence
  2056 | D:3      | Killed Terence
  2056 | D:3      | Reached XP level 5. HP: 28/42 MP: 5/5
  2563 | D:4      | Reached skill level 8 in Axes
  2675 | D:4      | Reached XP level 6. HP: 43/50 MP: 6/6
  2699 | D:4      | Reached skill level 9 in Axes
  3063 | D:4      | Noticed a phantom
  3085 | D:4      | Killed a phantom
  3242 | D:4      | Reached skill level 10 in Axes
  3242 | D:4      | Reached XP level 7. HP: 28/56 MP: 7/7
  3772 | D:5      | Entered Level 5 of the Dungeon
  3815 | D:5      | Found a basalt altar of Yredelemnul.
  3932 | D:5      | Reached skill level 11 in Axes
  3962 | D:5      | Found a snail-covered altar of Cheibriados.
  4207 | D:5      | Noticed Pikel
  4238 | D:5      | Killed Pikel
  4238 | D:5      | Reached skill level 12 in Axes
  4238 | D:5      | Reached XP level 8. HP: 41/62 MP: 8/8
  4719 | D:5      | Found a deep blue altar of Sif Muna.
  4881 | D:6      | Found Losohuebb's Assorted Antiques.
  4887 | D:6      | Bought a scroll of identify for 38 gold pieces
  4887 | D:6      | Bought a murky yellow potion for 17 gold pieces
  4906 | D:6      | Reached skill level 13 in Axes
  4925 | D:6      | Found a staircase to the Ecumenical Temple.
  4935 | Temple   | Entered the Ecumenical Temple
  5547 | D:6      | Found an iron altar of Okawaru.
  5562 | D:6      | Got a pitted cloak
  5573 | D:6      | Identified the +1 cloak of Negation {+Fly rC++} (You found it on level 6 of the Dungeon)
  5816 | D:6      | Reached skill level 14 in Axes
  5933 | D:6      | Reached XP level 9. HP: 41/68 MP: 9/9
  5959 | D:6      | Got a slimy falchion
  5960 | D:6      | Identified the +10 falchion "Vyceug" {slice, rC+ rN+ Str+2 Int+5} (You found it on level 6 of the Dungeon)
  6321 | D:7      | Found Ceinwes's Assorted Antiques.
  6329 | D:7      | Bought a scroll of identify for 42 gold pieces
  6329 | D:7      | Bought a marble ring for 105 gold pieces
  6329 | D:7      | Bought a glowing pearl ring for 105 gold pieces
  6329 | D:7      | Bought a scroll of identify for 42 gold pieces
  6329 | D:7      | Bought a scroll labeled UWULUL UNTEF for 21 gold pieces
  6329 | D:7      | Bought a scroll labeled MONIGUO POTUSHEDGH for 21 gold pieces
  6329 | D:7      | Bought a lumpy inky potion for 18 gold pieces
  6597 | D:7      | Found a burning altar of Makhleb.
  6599 | D:7      | Noticed an Executioner
  7222 | D:8      | You fall through a shaft for 3 floors!
  7261 | D:11     | Reached skill level 5 in Fighting
  7270 | D:11     | Noticed a troll
  7280 | D:11     | Reached skill level 15 in Axes
  7287 | D:11     | Slain by a troll

Vault maps used:
D:1:      nzn_arrival_depleted_hourglass
D:2:      minivault_19
D:3:      minivault_14, uniq_terence
D:4:      first_ration, kennysheep_generic_room_16
D:5:      yredelemnul_altar_generic, tgw_sif, nicolae_overflow_hidden_temple,
          uniq_pikel
D:6:      okawaru_trees_2, minmay_temple_entry_grid, serial_shops,
          nicolae_shop_crystal, minmay_gold_behind_fungi, grunt_tough_drop
D:7:      serial_shops, nicolae_shop_statue_plus, makhleb_altar_promises_db
D:8:      nemelex_altar_shiori, lair_entry_dummy
Temple:   regret_index_temple_sphere_string

Skill      XL: |  1  2  3  4  5  6  7  8  9 |
---------------+----------------------------+-----
Axes           | 5 6 7 8 10 12 14 15 | 15.1
Fighting       | 5 |  5.7
Throwing       | |  1.7
Dodging        | |  2.4

Action                   |  1- 3 |  4- 6 |  7- 9 || total
-------------------------+-------+-------+-------++-------
Melee: War axe           |    93 |   209 |   246 ||   548
       Falchion          |       |       |    61 ||    61
 Fire: Shortbow          |       |       |     2 ||     2
  Use: Scroll            |       |     3 |     8 ||    11
       Potion            |       |       |     1 ||     1
  Eat: Chunk             |     1 |     7 |    13 ||    21
Armor: Leather armour    |    18 |       |       ||    18
       Scale mail        |    23 |    60 |       ||    83
       Chain mail        |       |    66 |   121 ||   187
Dodge: Dodged            |    62 |   104 |   110 ||   276
       Rpst.: Falchion   |       |       |    11 ||    11

Table legend:
 A = Spawn XP
 B = Non-spawn XP
 C = Spawn XP percentage of total XP
 D = Spawn monster count
 E = Non-spawn monster count
 F = Spawn count percentage of total count
 G = Total turns spent on level
                    A         B        C        D         E        F      G
               +---------+---------+-------+---------+---------+-------+---------
         Total |       0 |    3678 |   0.0 |       0 |     144 |   0.0 |  7287
               +---------+---------+-------+---------+---------+-------+---------
           D:1 |       0 |      27 |   0.0 |       0 |      17 |   0.0 |   756
           D:2 |       0 |      83 |   0.0 |       0 |      26 |   0.0 |   749
           D:3 |       0 |     100 |   0.0 |       0 |      17 |   0.0 |  1048
           D:4 |       0 |     516 |   0.0 |       0 |      23 |   0.0 |  1219
           D:5 |       0 |     871 |   0.0 |       0 |      15 |   0.0 |  1029
           D:6 |       0 |     934 |   0.0 |       0 |      24 |   0.0 |  1227
           D:7 |       0 |     469 |   0.0 |       0 |      12 |   0.0 |   760
           D:8 |       0 |     213 |   0.0 |       0 |       4 |   0.0 |   235
          D:11 |       0 |     465 |   0.0 |       0 |       6 |   0.0 |    65
               +---------+---------+-------+---------+---------+-------+---------
